 Dungeon Crawl Stone Soup version 0.30-a0-728-gc68057be0a (webtiles) character file.

Game seed: 14336619273230588960

126 CoinPitGoblin the Ducker (level 4, -22/22 HPs)
             Began as a Spriggan Hunter on Jan 30, 2023.
             Killed by an exploding Ijyb (35 damage)
             ... ignited by their inner flame
             ... on level 3 of the Dungeon.
             The game lasted 00:05:59 (2061 turns).

CoinPitGoblin the Ducker (Spriggan Hunter)          Turns: 2061, Time: 00:06:00

Health: -22/22     AC:  2    Str:  7    XL:     4   Next: 83%
Magic:  5/5        EV: 22    Int: 10    God:
Gold:   146        SH:  0    Dex: 20    Spells: 3/3 levels left

rFire   . . .      SeeInvis +    a - +1 shortbow
rCold   . . .      Faith    .    (shield currently unavailable)
rNeg    . . .      Spirit   .    c - +0 robe
rPois   .          Reflect  .    (helmet restricted)
rElec   .          Harm     .    (no cloak)
rCorr   .          Rampage  .    (gloves unavailable)
Will    +....                    (boots unavailable)
Stlth   ++                       (no amulet)
HPRegen 0.23/turn                m - ring of willpower
MPRegen 0.09/turn                (no ring)

@: very quick
A: very small, no large weapons, unfitting armour, see invisible, speed 3
a: no special abilities


You were on level 3 of the Dungeon.
You visited 1 branch of the dungeon, and saw 3 of its levels.

You collected 146 gold pieces.

Inventory:

Hand Weapons
 a - a +1 shortbow (weapon)
 k - a +0 dagger
Missiles
 j - a throwing net
Armour
 c - a +0 robe (worn)
Jewellery
 m - a ring of willpower (left hand)
Scrolls
 n - a scroll of enchant weapon
 p - a scroll of amnesia
Potions
 d - a potion of might {unknown}
 e - 2 potions of berserk rage
 f - a potion of curing {unknown}
 h - a potion of lignification {unknown}
 l - 2 potions of mutation
 o - 2 potions of haste


   Skills:
 - Level 1.5 Fighting
 - Level 4.0 Ranged Weapons
 + Level 6.6 Dodging
 + Level 2.4 Stealth


You had 3 spell levels left.
You didn't know any spells.
Your spell library contained the following spells:

 Spells                   Type           Power      Damage    Failure   Level
 Stone Arrow              Conj/Erth      0%         3d7       75%         3
 Animate Armour           Summ/Erth      0%         N/A       98%         4
 Lehudib's Crystal Spear  Conj/Erth      0%         10d2      100%        8


Dungeon Overview and Level Annotations

Branches:
Dungeon (3/15)

Altars:


Innate Abilities, Weirdness & Mutations

You are very small and have problems with some larger weapons.
You are too small for most types of armour.
You have supernaturally acute eyesight. (SInv)
You cover ground extremely quickly. (Speed+++)


Message History

You shoot an arrow. The arrow hits Ijyb but does no damage.
Fire: a) +1 shortbow
Press: ? - help, Shift-Dir - straight line, f/p - Ijyb
Aim: Ijyb, wielding a +0 dagger, wearing a +0 chain mail and carrying a wand of mindburst (15) (inner flame, 65% to hit)
You shoot an arrow. The arrow closely misses Ijyb.
Ijyb zaps a wand.
Your mind is blasted!
Fire: a) +1 shortbow
Press: ? - help, Shift-Dir - straight line, f/p - Ijyb
Aim: Ijyb, wielding a +0 dagger, wearing a +0 chain mail and carrying a wand of mindburst (14) (inner flame, 65% to hit)
You shoot an arrow. The arrow closely misses Ijyb.
Fire: a) +1 shortbow
Press: ? - help, Shift-Dir - straight line, f/p - Ijyb
Aim: Ijyb, wielding a +0 dagger, wearing a +0 chain mail and carrying a wand of mindburst (14) (inner flame, 65% to hit)
You shoot an arrow. The arrow hits Ijyb but does no damage.
A goblin comes into view. It is wielding a +0 sling.
Ijyb hits you with a +0 dagger.
Fire: a) +1 shortbow
Press: ? - help, Shift-Dir - straight line, f/p - Ijyb
Aim: Ijyb, wielding a +0 dagger, wearing a +0 chain mail and carrying a wand of mindburst (14) (inner flame, 65% to hit)
You shoot an arrow. The arrow hits Ijyb.
Flame seeps out of Ijyb.
Ijyb is moderately wounded.
Ijyb is engulfed in blazing flames.
Flame seeps out of Ijyb.
Ijyb misses you.
Things that are here:
a +0 club; a goblin skeleton; a jackal skeleton Fire: a) +1 shortbow
Press: ? - help, Shift-Dir - straight line, f/p - Ijyb
Aim: Ijyb, wielding a +0 dagger, wearing a +0 chain mail and carrying a wand of mindburst (14) (moderately wounded, inner flame, 65% to hit)
You shoot an arrow. The arrow hits Ijyb.
Flame seeps out of Ijyb.
Ijyb is moderately wounded.
Ijyb is engulfed in blazing flames.
Flame seeps out of Ijyb.
Fire: a) +1 shortbow
Press: ? - help, Shift-Dir - straight line, f/p - Ijyb
Aim: Ijyb, wielding a +0 dagger, wearing a +0 chain mail and carrying a wand of mindburst (14) (severely wounded, inner flame, 65% to hit)
You shoot an arrow. The arrow hits Ijyb.
Flame seeps out of Ijyb.
Ijyb is almost dead.
Ijyb is engulfed in blazing flames.
Ijyb explodes!
The fiery explosion engulfs you!!
Ouch! That really hurt!
You die...

#....# #.#.##
#.#.## ####
#..#.## #...
##.###.###.##
##.#.###.##.#
#####.###.###.#.#
#....## ##.#....#
#@###.###.#.#.####
##○#
##.#.#.##.....
###§§#
##.#.########
###..°### #####
###≈≈...≈≈###
#≈≈≈≈..g≈≈≈≈#
#≈≈≈##'''##≈≈≈≈≈
#≈≈≈#.....#≈≈≈≈≈
#...#.....# ....


You could see a goblin.

Vanquished Creatures
  Ijyb (D:3)
  4 adders
  4 worms
  3 dart slugs
  7 ball pythons
  11 endoplasms
  4 giant cockroaches
  9 goblins
  2 hobgoblins
  9 jackals
  A quokka (D:1)
  4 bats
  2 frilled lizards
  2 kobolds (D:2)
  4 rats
67 creatures vanquished.

Notes
Turn   | Place    | Note
-------+----------+-------------------------------------------
     0 | D:1      | CoinPitGoblin the Spriggan Hunter began the quest for the
                  | Orb.
     0 | D:1      | Reached XP level 1. HP: 10/10 MP: 2/2
    11 | D:1      | Reached skill level 3 in Dodging
   175 | D:1      | Reached XP level 2. HP: 14/14 MP: 3/3
   380 | D:1      | Reached skill level 4 in Dodging
   494 | D:1      | You fall into a shaft and drop 1 floor!
   756 | D:2      | Reached XP level 3. HP: 18/18 MP: 4/4
   774 | D:2      | Reached skill level 5 in Dodging
  1190 | D:3      | Reached XP level 4. HP: 22/22 MP: 5/5
  1194 | D:3      | Identified the +1 ring mail of Siqew {Rampage SInv}
  1339 | D:3      | Reached skill level 6 in Dodging
  1715 | D:3      | Noticed Ijyb
  2061 | D:3      | Killed Ijyb
  2061 | D:3      | Killed by an exploding Ijyb... ignited by their inner flame

Illustrated notes

Levels and vault maps discovered:
D:1:      dpeg_arrival_arbitrary_a, layout_basic
D:2:      layout_rooms
D:3:      kennysheep_goblin_castle, layout_loops_ring

Skill      XL: |  1  2  3  4 |
---------------+-------------+-----
Dodging        | 3 4 5 6 |  6.6
Stealth        | 2 |  2.4
Fighting       | |  1.5
Ranged Weapons | |  4.0

Action                     |  1- 3 |  4- 6 || total
---------------------------+-------+-------++-------
   Fire: Shortbow          |    99 |    80 ||   179
    Use: Scroll            |     7 |     4 ||    11
         Potion            |       |     1 ||     1
 Armour: Robe              |       |     2 ||     2
  Dodge: Dodged            |    31 |    28 ||    59

Table legend: (Time is in decaauts)
 A = Elapsed time spent in this place.
 B = Non-inter-level travel time spent in this place.
 C = Inter-level travel time spent in this place.
 D = Time resting spent in this place.
 E = Time spent auto-exploring this place.
 F = Levels seen in this place.
 G = Mean time per level.
                   A        B        C        D        E       F      G
               +--------+--------+--------+--------+--------+-----+--------+
         Total |   1449 |   1406 |     43 |     97 |    872 |   3 |  483.0 |
       Dungeon |   1449 |   1406 |     43 |     97 |    872 |   3 |  483.0 |
               +--------+--------+--------+--------+--------+-----+--------+

Top non-repeatable levels by time:
     D:3: 571 daAuts
     D:2: 465 daAuts
     D:1: 412 daAuts
